 Dungeon Crawl Stone Soup version 0.20-a0-754-g13ddd6e (webtiles) character file.

13734 Gorice the Nimble (level 12, -4/77 HPs)
             Began as a Kobold Enchanter on Feb 26, 2017.
             Was a Priest of Wu Jian.
             Slain by a skeletal warrior
             ... wielding a +0 short sword
             ... led by a skeletal warrior
              (9 damage)
             ... on level 11 of the Dungeon.
             The game lasted 01:08:33 (11254 turns).

Gorice the Nimble (Kobold Enchanter)               Turns: 11254, Time: 01:08:34

Health: -4/77      AC:  6    Str:  5    XL:     12   Next: 36%
Magic:  18/21      EV: 24    Int: 22    God:    Wu Jian [***...]
Gold:   838        SH:  0    Dex: 18    Spells: 8/23 levels left

rFire    . . .     SeeInvis .   s - +2 dagger (speed)
rCold    . . .     Gourm    .   M - +2 robe {Archmagi}
rNeg     . . .     Faith    .   (shield restricted)
rPois    .         Spirit   .   (no helmet)
rElec    .         Reflect  .   e - +1 cloak
rCorr    .         Harm     .   (no gloves)
MR       .....                  (no boots)
Stlth    ++++......             (no amulet)
Regen    0.3/turn               p - +3 ring of intelligence
MPRegen  0.2/turn               k - +5 ring of slaying

@: about to teleport
A: carnivore 3
a: Renounce Religion


You were on level 11 of the Dungeon.
You worshipped Wu Jian.
Wu Jian was most pleased with you.
You were very full.

You visited 2 branches of the dungeon, and saw 12 of its levels.

You collected 838 gold pieces.

Inventory:

Hand Weapons
 a - a +2 dagger of venom
   (You took it off a goblin on level 2 of the Dungeon)
 s - a +2 dagger of speed (weapon)
   (You took it off an orc on level 9 of the Dungeon)
 A - a +0 vampiric dagger
   (You took it off an orc on level 5 of the Dungeon)
 P - a +1 scimitar
 R - a +1 falchion of holy wrath
   (You found it on level 9 of the Dungeon)
Missiles
 t - 4 silver tomahawks
 I - 10 tomahawks (quivered)
 X - 2 curare-tipped needles
 Y - a throwing net
Armour
 e - a +1 cloak (worn)
 B - a +0 robe of positive energy
   (You found it on level 6 of the Dungeon)
 M - a +2 robe of the Archmagi (worn)
   (You took it off Psyche on level 8 of the Dungeon)
 O - a scarf of repulsion
   (You found it on level 9 of the Dungeon)
Magical Staves
 K - an uncursed staff of power
Jewellery
 k - a +5 ring of slaying (left hand)
 p - a +3 ring of intelligence (right hand)
 w - a +2 ring of dexterity
 F - a +5 ring of strength
Wands
 r - a wand of lightning (4/15)
 y - a wand of iceblast (3/15)
 J - a wand of paralysis (15/24)
 N - a wand of iceblast (8/15)
 T - a wand of disintegration (13/24)
 Z - a wand of lightning (3/15)
Scrolls
 f - a scroll of blinking
 q - 2 scrolls of enchant weapon {unknown}
 v - a scroll of teleportation {!r}
 x - a scroll of recharging
 D - 4 scrolls of enchant armour
 Q - 4 scrolls of remove curse
 V - 2 scrolls of amnesia {unknown}
 W - a scroll of magic mapping {unknown}
Potions
 b - a potion of brilliance {unknown}
 g - 2 potions of might {!q}
 h - a potion of cancellation {!q}
 j - 2 potions of mutation {!q}
 l - 6 potions of curing
 n - 3 potions of agility {!q}
 o - a potion of heal wounds {!q}
 u - 2 potions of flight {unknown}
 z - a potion of haste {unknown}
 E - a potion of berserk rage {unknown}
 S - a potion of magic {unknown}
 U - a potion of ambrosia {unknown}
Books
 c - a book of Maledictions
 C - a book of Conjurations
 G - a book of Air
 H - a book of Cantrips
Miscellaneous
 L - a lightning rod (4/4) {!a}
Comestibles
 d - 10 meat rations {!e}
 m - 4 royal jellies


   Skills:
 + Level 9.6 Fighting
 - Level 8.0 Short Blades
 + Level 11.1 Dodging
 - Level 8.1 Stealth
 - Level 6.1 Spellcasting
 + Level 10.6 Hexes
 - Level 3.1 Ice Magic


You had 8 spell levels left.
You knew the following spells:

 Your Spells              Type           Power        Failure   Level  Hunger
a - Corona                Hex            ######.      1%          1    None
b - Ensorcelled Hibernat  Hex/Ice        ######       1%          2    None
c - Confuse               Hex            ######..     1%          3    #......
d - Tukima's Dance        Hex            ######..     1%          3    #......
e - Dazzling Spray        Conj/Hex       #####.       3%          3    #......
A - Apportation           Tloc           ##....       10%         1    None
S - Swiftness             Chrm/Air       ##......     14%         2    None


Dungeon Overview and Level Annotations

Branches:
Dungeon (11/15)            Temple (1/1) D:5            Lair (0/6) D:11
    Orc (0/2) D:10

Altars:
Ashenzari
Cheibriados
Dithmenos
Elyvilon
Fedhas
Gozag
Hepliaklqana
Kikubaaqudgha
Makhleb
Nemelex Xobeh
Okawaru
Qazlal
Ru
Sif Muna
Trog
Uskayaw
Vehumet
Wu Jian
Xom
Yredelemnul
Zin
The Shining One

Shops:
D:10 (   D:11 %

Annotations:
D:9 exclusion: oklob plant


Innate Abilities, Weirdness & Mutations

You are small and have problems with some larger weapons.
You are carnivorous and can eat meat at any time.


Message History

The Council accepts your kill.
You start resting.
Magic restored. 2 skeletal warriors come into view.
You lunge at the skeletal warrior in a flurry of attacks!
You puncture the skeletal warrior!
The skeletal warrior is lightly damaged.
You hit the skeletal warrior.
The skeletal warrior is lightly damaged.
The skeletal warrior closely misses you.
Casting: Confuse
Confirm with . or Enter, or press ? or * to list all spells.
Aiming: Confuse
Press: ? - help, Shift-Dir - straight line, f - skeletal warrior
Aim: a skeletal warrior, wielding a short sword (lightly damaged, chance to defeat MR: 16%)
You feel a surge of power!
The skeletal warrior resists with almost no effort.
The skeletal warrior hits you with a short sword!
The skeletal warrior hits you from afar with a glaive.
Damage: 17 (max 17)
Casting: Confuse
Confirm with . or Enter, or press ? or * to list all spells.
Aiming: Tukima's Dance
Press: ? - help, Shift-Dir - straight line, f/p - skeletal warrior
Aim: a skeletal warrior, wielding a short sword (lightly damaged, chance to defeat MR: 25%)
You feel a surge of power!
The skeletal warrior resists with almost no effort.
The skeletal warrior closely misses you.
The skeletal warrior hits you from afar with a glaive!!
Damage: 20 (max 20) Unknown command.
You repeatedly attack the skeletal warrior from above!
You barely miss the skeletal warrior. You hit the skeletal warrior.
The skeletal warrior is lightly damaged.
You hit the skeletal warrior but do no damage.
The skeletal warrior is lightly damaged.
The skeletal warrior hits you with a glaive!!
* * * LOW HITPOINT WARNING * * *
Damage: 20 (max 20)
The skeletal warrior misses you.
Really read
v - 2 scrolls of teleportation {!r}?
As you read the scroll of teleportation {!r}, it crumbles to dust.
You feel strangely unstable.
The skeletal warrior hits you with a short sword!!
* * * LOW HITPOINT WARNING * * *
The skeletal warrior completely misses you.
Damage: 19 (max 20) Unknown command.
The skeletal warrior hits you with a short sword!
You die...

#.........#........#..#......
#.........#........#..#...###
#....##'###.......)#..#...#
#....#.............#..#...#
#....#.............#..#...#
#....#.............#..#...###
#....'.............#..#......
######.............#..#......
#....'......@z.z...#..#...#..
#....######........'..#...#..
######.............#..#...#..
#....#.............#..#...##'
#....#.............#..#...#..
#....#.............#..#...#..
#..(.#....#........#..#...#..
#....#....#........#).#...#..
#....#..))'........#..#...#+#


You could see 2 skeletal warriors.

Vanquished Creatures
  5 two-headed ogres
  2 tengu warriors (D:11)
  A skeletal warrior (D:11)
  Pikel (D:5)
  An orc knight (D:10)
  An ugly thing (D:11)
  A cyclops (D:11)
  Psyche (D:8)
  A gargoyle (D:10)
  A hornet (D:8)
  3 hippogriffs
  A wyvern (D:10)
  4 yaks (D:11)
  A steam dragon (D:9)
  A hungry ghost (D:10)
  A water moccasin (D:11)
  2 orc warriors
  4 sky beasts
  An ice beast (D:5)
  A phantom (D:9)
  5 ogres
  A centaur (D:9)
  3 big kobolds
  2 bullfrogs (D:7)
  Blork the orc (D:6)
  A water moccasin skeleton (D:10)
  18 killer bees
  3 scorpions
  3 howler monkeys
  3 wights (D:9)
  An electric eel (D:10)
  A centaur zombie (D:9)
  5 crimson imps
  A quasit (D:10)
  5 hounds
  8 orc wizards
  Crazy Yiuf (D:2)
  A bullfrog skeleton (D:4)
  5 orc priests
  3 centaur skeletons
  2 jellies
  3 iguanas
  6 worker ants
  A hound zombie (D:6)
  A hound skeleton (D:9)
  A worker ant zombie (D:7)
  9 adders
  2 shadow imps
  An ooze (D:6)
  An adder skeleton (D:4)
  3 worms
  3 dart slugs
  3 leopard geckos
  28 orcs
  6 giant cockroaches
  9 goblins
  4 hobgoblins
  15 jackals
  2 quokkas (D:4)
  10 bats
  6 frilled lizards
  A jackal zombie (D:7)
  14 kobolds
  4 rats
240 creatures vanquished.

Vanquished Creatures (collateral kills)
  An orc warrior (D:6)
1 creature vanquished.

Grand Total: 241 creatures vanquished

Notes
Turn   | Place    | Note
-------+----------+-------------------------------------------
     0 | D:1      | Gorice the Kobold Enchanter began the quest for the Orb.
     0 | D:1      | Reached XP level 1. HP: 10/10 MP: 3/3
   289 | D:1      | Reached XP level 2. HP: 14/15 MP: 3/5
   306 | D:1      | Reached skill level 2 in Short Blades
   488 | D:1      | Learned a level 2 spell: Ensorcelled Hibernation
   841 | D:1      | Reached XP level 3. HP: 19/19 MP: 1/6
   846 | D:1      | Learned a level 3 spell: Confuse
   876 | D:1      | --+5 =slay - nice!
   987 | D:1      | Found a snail-covered altar of Cheibriados.
  1058 | D:2      | Found a shimmering altar of Xom.
  1058 | D:2      | Found a shimmering altar of Xom.
  1059 | D:2      | Found a shimmering altar of Xom.
  1059 | D:2      | Found a shimmering altar of Xom.
  1064 | D:2      | Found a shimmering altar of Xom.
  1064 | D:2      | Found a shimmering altar of Xom.
  1065 | D:2      | Found a shimmering altar of Xom.
  1077 | D:2      | You fall through a shaft!
  1086 | D:3      | Found a blossoming altar of Fedhas.
  1141 | D:3      | Reached skill level 3 in Short Blades
  1217 | D:2      | Reached XP level 4. HP: 24/24 MP: 5/7
  1479 | D:2      | Found a runed door.
  1483 | D:2      | Noticed Crazy Yiuf
  1489 | D:2      | Killed Crazy Yiuf
  1489 | D:2      | Reached skill level 4 in Hexes
  1898 | D:3      | Reached skill level 4 in Short Blades
  1898 | D:3      | Reached XP level 5. HP: 23/28 MP: 5/8
  1915 | D:3      | Reached skill level 5 in Hexes
  2309 | D:3      | Reached XP level 6. HP: 32/32 MP: 9/9
  2314 | D:3      | Learned a level 3 spell: Tukima's Dance
  2560 | D:4      | Found a snail-covered altar of Cheibriados.
  2627 | D:4      | Found a glowing silver altar of Zin.
  2770 | D:4      | Noticed an ogre
  2789 | D:4      | Killed an ogre
  2789 | D:4      | Reached skill level 5 in Short Blades
  2960 | D:4      | Reached skill level 6 in Hexes
  2965 | D:4      | Reached XP level 7. HP: 29/36 MP: 5/10
  3152 | D:5      | Entered Level 5 of the Dungeon
  3332 | D:5      | Reached skill level 6 in Short Blades
  3372 | D:5      | Reached skill level 7 in Hexes
  3472 | D:5      | Found a staircase to the Ecumenical Temple.
  3485 | Temple   | Entered the Ecumenical Temple
  3533 | Temple   | Became a worshipper of the Wu Jian Council
  3835 | D:5      | Found a deep blue altar of Sif Muna.
  4037 | D:5      | Reached XP level 8. HP: 41/41 MP: 6/11
  4188 | D:6      | Noticed Pikel
  4347 | D:6      | HP: 4/41 [orc wizard/puff of frost (13)]
  4718 | D:5      | Reached skill level 8 in Hexes
  4803 | D:5      | Killed Pikel
  4803 | D:5      | Reached skill level 7 in Short Blades
  4803 | D:5      | Reached skill level 9 in Hexes
  4803 | D:5      | Reached XP level 9. HP: 29/45 MP: 7/12
  4896 | D:6      | Noticed Blork the orc
  4920 | D:6      | Killed Blork the orc
  4920 | D:6      | Reached skill level 8 in Short Blades
  5069 | D:6      | Reached skill level 1 in Ice Magic
  5152 | D:6      | Reached skill level 3 in Dodging
  5542 | D:7      | HP: 1/45 [orc warrior/hand axe (17)]
  5546 | D:7      | Reached skill level 5 in Stealth
  5546 | D:7      | Reached skill level 2 in Ice Magic
  5681 | D:7      | Reached * piety under Wu Jian
  5970 | D:7      | Reached skill level 4 in Dodging
  6174 | D:7      | Reached skill level 3 in Ice Magic
  6215 | D:7      | Reached skill level 6 in Stealth
  6368 | D:8      | Reached skill level 1 in Fighting
  6422 | D:8      | Learned a level 1 spell: Apportation
  6447 | D:8      | Found an opulent altar of Gozag.
  6447 | D:8      | Noticed a two-headed ogre
  6548 | D:8      | Killed a two-headed ogre
  6548 | D:8      | Reached skill level 3 in Fighting
  6548 | D:8      | Reached skill level 5 in Dodging
  6548 | D:8      | Reached skill level 7 in Stealth
  6548 | D:8      | Reached XP level 10. HP: 46/56 MP: 2/13
  6663 | D:8      | Reached skill level 6 in Dodging
  6778 | D:8      | Reached skill level 8 in Stealth
  6890 | D:8      | Reached skill level 4 in Fighting
  7078 | D:8      | Noticed Psyche
  7091 | D:8      | Killed Psyche
  7091 | D:8      | Reached skill level 3 in Spellcasting
  7351 | D:8      | Found an iron altar of Okawaru.
  7354 | D:8      | Reached skill level 5 in Fighting
  7544 | D:8      | Noticed a two-headed ogre
  7551 | D:8      | Killed a two-headed ogre
  7551 | D:8      | Reached skill level 7 in Dodging
  7551 | D:8      | Reached skill level 4 in Spellcasting
  7561 | D:8      | Learned a level 3 spell: Dazzling Spray
  7665 | D:9      | Reached ** piety under Wu Jian
  7771 | D:9      | Reached skill level 6 in Fighting
  7822 | D:9      | Found a blossoming altar of Fedhas.
  7845 | D:9      | Noticed an oklob plant
  8004 | D:9      | Reached skill level 8 in Dodging
  8392 | D:9      | Reached XP level 11. HP: 64/64 MP: 18/18
  8815 | D:9      | Learned a level 2 spell: Swiftness
  8816 | D:10     | Entered Level 10 of the Dungeon
  8827 | D:10     | Reached skill level 5 in Spellcasting
  9080 | D:10     | Noticed an orc knight
  9175 | D:10     | Killed an orc knight
  9175 | D:10     | Reached skill level 7 in Fighting
  9268 | D:10     | Found Moqod's Weapon Emporium.
  9270 | D:10     | Found a staircase to the Orcish Mines.
  9409 | D:10     | Reached skill level 9 in Dodging
  9614 | D:10     | Noticed a two-headed ogre
  9621 | D:10     | Killed a two-headed ogre
  9621 | D:10     | Reached skill level 6 in Spellcasting
  9694 | D:10     | Reached *** piety under Wu Jian
  9777 | D:10     | Noticed a two-headed ogre
  9781 | D:10     | Killed a two-headed ogre
  9907 | D:10     | Noticed a two-headed ogre
  9913 | D:10     | Killed a two-headed ogre
  9913 | D:10     | Reached skill level 8 in Fighting
 10007 | D:10     | Reached skill level 10 in Dodging
 10061 | D:11     | Noticed a cyclops
 10061 | D:11     | Noticed a green ugly thing
 10282 | D:11     | Killed a cyclops
 10301 | D:11     | Killed a green ugly thing
 10301 | D:11     | Reached skill level 10 in Hexes
 10329 | D:11     | Found a staircase to the Lair.
 10355 | D:11     | Noticed a tengu warrior
 10384 | D:11     | Killed a tengu warrior
 10384 | D:11     | Reached XP level 12. HP: 75/75 MP: 21/21
 10400 | D:11     | Reached skill level 9 in Fighting
 10512 | D:11     | Noticed a tengu warrior
 10519 | D:11     | Killed a tengu warrior
 10646 | D:11     | Found Duthu's Food Emporium.
 11014 | D:11     | Reached skill level 11 in Dodging
 11100 | D:11     | Noticed a skeletal warrior
 11131 | D:11     | Found a shattered altar of Ashenzari.
 11203 | D:11     | Killed a skeletal warrior
 11229 | D:11     | Noticed a skeletal warrior
 11229 | D:11     | Noticed a skeletal warrior
 11249 | D:11     | HP: 23/77 [skeletal warrior/glaive (20)]
 11251 | D:11     | HP: 4/77 [skeletal warrior/short sword[a skeletal warrior] (19)]
 11254 | D:11     | Slain by a skeletal warrior

Vault maps used:
D:1:      dpeg_arrival_water_altar
D:2:      xom_redecorated, hangedman_decor_diamond_cutter,
          uniq_crazy_yiuf_cottage
D:3:      lemuel_doored_altar, supply_closet_lemuel
D:4:      kennysheep_spiral_hall, cheibriados_altar_1, zin_statuary
D:5:      minmay_temple_entry_poolview, first_bread,
          eino_small_chamber_without_monster, lemuel_blue_sif_altar
D:6:      uniq_blork_the_orc, uniq_pikel
D:7:      minmay_misc_feat_four_crosses, grunt_ogre_cave, st_stairs_9
D:8:      grunt_gozag_breadcrumbs, kennysheep_okawaru_gauntlet, uniq_psyche
D:9:      nrook_mini_backslash, tgw_fedhas
D:10:     orc_david_3, kennysheep_diamond, grunt_tough_drop
D:11:     lair_entry_dummy, serial_shops, kennysheep_mini_moat,
          grunt_ashenzari_visionary
Temple:   bh_familiar_temple

Skill      XL: |  1  2  3  4  5  6  7  8  9 10 11 12 |
---------------+-------------------------------------+-----
Short Blades   | 2 3 4 5 6 7 8 |  8.0
Hexes          | 4 5 6 7 9 10 | 10.6
Ice Magic      | 3 |  3.1
Dodging        | 5 8 10 11 | 11.1
Stealth        | 7 8 |  8.1
Fighting       | 3 6 8 9 |  9.6
Spellcasting   | 4 6 |  6.1

Action                   |  1- 3 |  4- 6 |  7- 9 | 10-12 || total
-------------------------+-------+-------+-------+-------++-------
Melee: Dagger            |    64 |    63 |   121 |   242 ||   490
Throw: Tomahawk          |       |       |       |     3 ||     3
 Cast: Corona            |     9 |       |       |     2 ||    11
       Ensorcelled Hiber |    13 |    24 |    38 |    70 ||   145
       Confuse           |       |     6 |    29 |    39 ||    74
       Tukima's Dance    |       |       |     1 |     2 ||     3
Evoke: Wand              |       |       |     1 |       ||     1
  Use: Scroll            |     4 |     6 |     5 |     4 ||    19
       Potion            |       |       |     2 |       ||     2
 Stab: Sleeping          |    13 |    25 |    22 |    69 ||   129
       Confused          |       |     3 |     7 |    19 ||    29
       Distracted        |       |       |     1 |     2 ||     3
       Paralysed         |       |       |     1 |       ||     1
  Eat: Chunk             |    10 |     8 |    20 |    17 ||    55
Armor: Robe              |    15 |     8 |     7 |    20 ||    50
Dodge: Dodged            |    37 |    26 |    69 |   100 ||   232

Table legend:
 A = Turns spent in this place as a percentage of turns spent in the entire game.
 B = Non-inter-level travel turns spent in this place as a percentage of non-inter-level travel turns spent in the entire game.
 C = Inter-level travel turns spent in this place as a percentage of turns spent in this place.
 D = Turns resting spent in this place as a percentage of non-inter-level travel turns spent in this place.
 E = Turns spent auto-exploring this place as a percentage of non-inter-level travel turns spent in this place.
 F = Non-inter-level travel turns spent in this place divided by the number of levels of this place that you've seen.
                   A       B       C       D       E      F
               +-------+-------+-------+-------+-------+----------------------
         Total | 100.0 | 100.0 |   0.5 |   4.4 |   6.3 | 294.3
       Dungeon |  99.2 |  99.2 |   0.4 |   4.4 |   5.8 | 318.6
        Temple |   0.8 |   0.8 |   3.6 |   0.0 |  70.4 |  27.0
               +-------+-------+-------+-------+-------+----------------------

Vault maps used:
D:1:      dpeg_arrival_water_altar
D:2:      xom_redecorated, hangedman_decor_diamond_cutter,
          uniq_crazy_yiuf_cottage
D:3:      lemuel_doored_altar, supply_closet_lemuel
D:4:      kennysheep_spiral_hall, cheibriados_altar_1, zin_statuary
D:5:      minmay_temple_entry_poolview, first_bread,
          eino_small_chamber_without_monster, lemuel_blue_sif_altar
D:6:      uniq_blork_the_orc, uniq_pikel
D:7:      minmay_misc_feat_four_crosses, grunt_ogre_cave, st_stairs_9
D:8:      grunt_gozag_breadcrumbs, kennysheep_okawaru_gauntlet, uniq_psyche
D:9:      nrook_mini_backslash, tgw_fedhas
D:10:     orc_david_3, kennysheep_diamond, grunt_tough_drop
D:11:     lair_entry_dummy, serial_shops, kennysheep_mini_moat,
          grunt_ashenzari_visionary
Temple:   bh_familiar_temple
